 Dungeon Crawl Stone Soup version 0.22-a0-3-g4fa69d9 (webtiles) character file.

10797 mortelune the Cleaver (level 11, -4/103 HPs)
             Began as a Deep Dwarf Fighter on Jan 1, 2018.
             Was an Elder of Makhleb.
             Slain by a skeletal warrior
             ... wielding a +0 battleaxe
             ... led by a skeletal warrior
              (16 damage)
             ... on level 11 of the Dungeon.
             The game lasted 00:46:05 (10150 turns).

mortelune the Cleaver (Deep Dwarf Fighter)         Turns: 10150, Time: 00:46:05

Health: -4/103     AC: 21    Str: 22    XL:     11   Next: 40%
Magic:  11/11      EV: 11    Int: 10    God:    Makhleb [****..]
Gold:   222        SH:  0    Dex: 15    Spells: 10/10 levels left

rFire    . . .     SeeInvis +   F - +2 battleaxe (freeze)
rCold    . . .     Gourm    .   (shield currently unavailable)
rNeg     . . .     Faith    .   V - +3 plate armour
rPois    .         Spirit   .   (no helmet)
rElec    .         Reflect  .   (no cloak)
rCorr    .         Harm     .   K - +0 pair of gloves {Dex+3}
MR       +....                  D - +0 pair of boots
Stlth    ..........             p - amulet of rage
HPRegen  0.00/turn              E - ring "Misul" {+Fly AC+1 SInv}
MPRegen  0.12/turn              a - +4 ring of evasion

@: berserk cooldown, non-regenerating, slowed, very slow
A: damage resistance, heal wounds, sense surroundings 2, no regeneration
a: Heal Wounds, Minor Destruction, Lesser Servant of Makhleb, Major Destruction,
Renounce Religion, Evoke Berserk Rage, Evoke Flight


You were on level 11 of the Dungeon.
You worshipped Makhleb.
Makhleb was greatly pleased with you.
You were not hungry.

You visited 2 branches of the dungeon, and saw 12 of its levels.
You also visited: Bailey.

You collected 878 gold pieces.
You spent 656 gold pieces at shops.

Inventory:

Hand Weapons
 o - a +6 flail of holy wrath
 F - a +2 battleaxe of freezing (weapon)
Missiles
 e - 336 stones
 m - 24 tomahawks of returning (quivered)
Armour
 b - a +0 scale mail
 c - a +0 shield
 l - a +0 pair of gloves
 y - a +0 chain mail
 D - a +0 pair of boots (worn)
 K - a +0 pair of gloves of dexterity (worn)
 V - a +3 plate armour (worn)
 X - the +0 leather armour "Hookuego" {rElec rC+ SInv}
   (You found it on level 9 of the Dungeon)

   It protects you from cold.
   It insulates you from electricity.
   It lets you see invisible.
Jewellery
 a - a +4 ring of evasion (right hand)
 p - an amulet of rage (around neck)
 u - a +3 ring of protection
 B - an uncursed ring of protection from fire
 C - a +6 ring of evasion
 E - the ring "Misul" (left hand) {+Fly AC+1 SInv}
   (You bought it in a shop on level 10 of the Dungeon)

   [ring of protection]

   It affects your AC (+1).
   It lets you see invisible.
   It lets you fly.
 O - the ring "Tocuek" {-Tele +Inv rN+ MP+9 Int+2}
   (You found it on level 8 of the Dungeon)

   [ring of positive energy]

   It affects your intelligence (+2).
   It protects you from negative energy.
   It affects your magic capacity (+9).
   It lets you turn invisible.
   It prevents most forms of teleportation.
Wands
 j - a wand of polymorph (3)
 q - a wand of flame (11)
 s - a wand of disintegration (10)
Scrolls
 h - 3 scrolls of magic mapping
 i - 5 scrolls of teleportation
 k - a scroll of fear
 n - 3 scrolls of amnesia
 v - 2 scrolls of blinking
 A - 2 scrolls of immolation
 G - a scroll of enchant weapon {unknown}
 I - a scroll of fog {unknown}
 L - 6 scrolls of remove curse
 M - 6 scrolls of identify
Potions
 d - 3 potions of might
 g - 2 potions of resistance
 r - 3 potions of brilliance
 t - 2 potions of flight {unknown}
 x - a potion of invisibility
 z - 5 potions of cancellation
 H - 3 potions of degeneration {unknown}
 J - 2 potions of haste {unknown}
 R - a potion of magic {unknown}
 W - a potion of mutation {unknown}
 Z - a potion of lignification {unknown}
Books
 N - a book of Cantrips

   Spells                             Type                      Level
   a - Confusing Touch                Hexes                        1
   b - Animate Skeleton               Necromancy                   1
   c - Summon Small Mammal            Summoning                    1
   d - Apportation                    Translocation                1
 P - a book of Maledictions

   Spells                             Type                      Level
   a - Corona                         Hexes                        1
   b - Ensorcelled Hibernation        Hexes/Ice                    2
   c - Confuse                        Hexes                        3
   d - Tukima's Dance                 Hexes                        3
   e - Dazzling Spray                 Conjuration/Hexes            3
Miscellaneous
 S - a lightning rod (4/4)
 T - a lightning rod (4/4)
 U - a lightning rod (4/4)
 Y - a phantom mirror
Comestibles
 f - 19 rations


   Skills:
 + Level 7.9 Fighting
 * Level 12.3 Axes
 + Level 9.4 Armour
 - Level 8.6 Shields
 + Level 4.1 Invocations
 - Level 4.0 Evocations


You had 10 spell levels left.
You didn't know any spells.

Dungeon Overview and Level Annotations

Branches:
Dungeon (11/15)            Temple (1/1) D:5             Orc (0/2) D:9
   Lair: D:8-11

Altars:
Ashenzari
Cheibriados
Dithmenos
Elyvilon
Fedhas
Gozag
Hepliaklqana
Kikubaaqudgha
Makhleb
Nemelex Xobeh
Okawaru
Qazlal
Ru
Sif Muna
Trog
Uskayaw
Vehumet
Wu Jian
Xom
Yredelemnul
Zin
The Shining One

Shops:
D:4 =   D:8 !   D:10 =

Annotations:
D:5 Pikel
D:10 2 runed doors, exclusion: orange crystal statue
D:11 Sonja


Innate Abilities, Weirdness & Mutations

You are resistant to damage.
You can heal yourself by infusing magical energy.
You passively map the area around you.
You do not regenerate.


Message History

The skeletal warrior hits you with a battleaxe!
* * * LOW HITPOINT WARNING * * *
The skeletal warrior hits you but does no damage.
You barely miss the skeletal warrior.
The skeletal warrior is moderately damaged.
You closely miss the skeletal warrior.
You are no longer berserk.
You are exhausted.
You feel yourself slow down.
The skeletal warrior hits you with a dire flail!
* * * LOW HITPOINT WARNING * * *
The skeletal warrior hits you with a battleaxe.
* * * LOW HITPOINT WARNING * * *
You hit the skeletal warrior but do no damage.
The skeletal warrior is moderately damaged.
You slash the skeletal warrior! You freeze the skeletal warrior.
The skeletal warrior hits you with a dire flail!
* * * LOW HITPOINT WARNING * * *
The skeletal warrior hits you with a battleaxe!
You die...

, , ,, ,
...........#
> ,
,...........#
,
...%.......#
*
...........#
, ,
...........#
...........#
** ,
......z)...#
,
......z@<..#
*
####.#######
,* ,* * * * *
, ** * * *
*****,


You could see 2 skeletal warriors.

Vanquished Creatures
  Erica (D:8)
  A two-headed ogre (D:10)
  2 skeletal warriors (D:11)
  Maurice (D:10)
  A troll (D:10)
  A hornet (D:8)
  9 yaks
  Eustachio (D:5)
  3 hungry ghosts
  2 soldier ants (D:8)
  Duvessa (D:5)
  A water moccasin (D:5)
  An ice beast (D:7)
  10 orc warriors
  An eye of draining (D:7)
  A slave (D:5)
  3 sky beasts
  6 ogres
  2 centaurs
  A crocodile (D:9)
  5 bullfrogs
  Dowan (D:5)
  A scorpion (D:9)
  11 killer bees
  14 wights
  2 howler monkeys (D:8)
  A centaur zombie (D:6)
  6 crimson imps
  A bullfrog zombie (D:7)
  2 hounds
  5 jellies
  2 bullfrog skeletons (D:6)
  7 orc wizards
  7 orc priests
  Terence (D:2)
  6 iguanas
  11 worker ants
  A hound skeleton (D:6)
  A worker ant zombie (D:8)
  A howler monkey zombie (D:5)
  8 gnolls
  A howler monkey skeleton (D:7)
  17 adders
  A shadow imp (D:2)
  An adder zombie (D:10)
  2 adder skeletons
  2 worms
  A dart slug (D:1)
  3 leopard geckos
  35 orcs
  11 bats
  2 bat skeletons (D:4)
  3 bat zombies (D:4)
  6 giant cockroaches
  11 goblins
  10 hobgoblins
  25 jackals
  8 quokkas
  4 frilled lizards
  A jackal zombie (D:5)
  17 kobolds
  A quokka skeleton (D:6)
  6 rats
  A spectral orc (D:2)
312 creatures vanquished.

Vanquished Creatures (others)
  A quokka (D:3)
  14 fungi (D:4)
15 creatures vanquished.

Grand Total: 327 creatures vanquished

Notes
Turn   | Place    | Note
-------+----------+-------------------------------------------
     0 | D:1      | mortelune the Deep Dwarf Fighter began the quest for the Orb.
     0 | D:1      | Reached XP level 1. HP: 20/20 MP: 1/1
    67 | D:1      | Reached XP level 2. HP: 27/27 MP: 2/2
   489 | D:1      | Reached skill level 3 in Axes
   505 | D:1      | Reached XP level 3. HP: 28/33 MP: 3/3
   600 | D:2      | Noticed Terence
   725 | D:2      | Killed Terence
   725 | D:2      | Reached XP level 4. HP: 15/42 MP: 4/4
   838 | D:2      | Found an iron altar of Okawaru.
  1317 | D:2      | Found a basalt altar of Yredelemnul.
  1825 | D:3      | Found a sparkling altar of Nemelex Xobeh.
  1870 | D:3      | Found a white marble altar of Elyvilon.
  1886 | D:3      | Reached skill level 4 in Axes
  1886 | D:3      | Reached XP level 5. HP: 36/49 MP: 5/5
  1979 | D:3      | Found Zin's Purification Station.
  1987 | D:3      | Found a glowing silver altar of Zin.
  1993 | D:3      | Bought a potion of curing for 90 gold pieces
  2014 | D:3      | Found a deep blue altar of Sif Muna.
  2321 | D:3      | Found a faded altar of an unknown god.
  2341 | D:3      | Reached XP level 6. HP: 20/56 MP: 5/5
  2592 | D:4      | Reached skill level 5 in Axes
  2669 | D:4      | Noticed an orc warrior
  2683 | D:4      | Killed an orc warrior
  2802 | D:4      | Reached XP level 7. HP: 28/64 MP: 5/5
  2841 | D:4      | Found Kimodgh's Jewellery Boutique.
  2856 | D:4      | Reached skill level 5 in Armour
  2856 | D:4      | Reached skill level 5 in Shields
  3085 | D:4      | Reached skill level 6 in Axes
  3242 | D:4      | Found a shadowy altar of Dithmenos.
  3756 | D:4      | Found an ancient bone altar of Kikubaaqudgha.
  3842 | D:5      | Entered Level 5 of the Dungeon
  4069 | D:5      | Noticed Eustachio
  4092 | D:5      | Killed Eustachio
  4103 | D:5      | Found an opulent altar of Gozag.
  4148 | D:5      | Noticed Pikel
  4323 | D:5      | Noticed Duvessa
  4335 | D:5      | Killed Duvessa
  4335 | D:5      | Reached XP level 8. HP: 66/73 MP: 5/5
  4338 | D:5      | Noticed Dowan
  4377 | D:5      | Killed Dowan
  4377 | D:5      | Reached skill level 7 in Axes
  4491 | D:5      | Found a staircase to the Ecumenical Temple.
  4507 | Temple   | Entered the Ecumenical Temple
  5132 | D:6      | Reached skill level 5 in Fighting
  5379 | D:6      | Reached skill level 8 in Axes
  5771 | D:6      | Gained mutation: You passively map the area around you. [Deep Dwarf growth]
  5771 | D:6      | Reached XP level 9. HP: 50/81 MP: 6/6
  5903 | D:6      | Found a sacrificial altar of Ru.
  6098 | D:7      | Found a snail-covered altar of Cheibriados.
  6242 | D:7      | Found a burning altar of Makhleb.
  6246 | D:7      | Became a worshipper of Makhleb the Destroyer
  6297 | D:7      | Reached skill level 9 in Axes
  6839 | D:8      | Got a crude lapis lazuli ring
  6840 | D:8      | Identified the ring "Tocuek" {-Tele +Inv rN+ MP+9 Int+2} (You found it on level 8 of the Dungeon)
  6852 | D:8      | Found Qohid's Distillery.
  6868 | D:8      | Bought a potion of ambrosia for 104 gold pieces
  6868 | D:8      | Bought a potion of heal wounds for 65 gold pieces
  6868 | D:8      | Bought a potion of curing for 39 gold pieces
  6868 | D:8      | Bought a potion of resistance for 130 gold pieces
  6888 | D:8      | Noticed Erica
  6906 | D:8      | Killed Erica
  6906 | D:8      | Reached * piety under Makhleb
  6906 | D:8      | Reached skill level 10 in Axes
  6906 | D:8      | Reached XP level 10. HP: 41/92 MP: 6/8
  6946 | D:8      | Found a flagged portal.
  6955 | Bailey   | Entered a bailey
  7130 | Bailey   | Reached ** piety under Makhleb
  8180 | D:8      | Paralysed by a hornet for 2 turns
  8502 | D:9      | Reached skill level 11 in Axes
  8539 | D:9      | Reached *** piety under Makhleb
  8623 | D:9      | Found a radiant altar of Vehumet.
  8806 | D:9      | Got a steaming leather armour
  8817 | D:9      | Identified the +0 leather armour "Hookuego" {rElec rC+ SInv} (You found it on level 9 of the Dungeon)
  8872 | D:9      | Reached skill level 1 in Invocations
  9046 | D:9      | Found a staircase to the Orcish Mines.
  9205 | D:9      | Found a stormy altar of Qazlal.
  9323 | D:10     | Entered Level 10 of the Dungeon
  9388 | D:10     | Reached XP level 11. HP: 80/100 MP: 11/11
  9421 | D:10     | Reached **** piety under Makhleb
  9463 | D:10     | Noticed an orange crystal statue
  9481 | D:10     | Found a runed door.
  9488 | D:10     | Found the +10 large shield of Ignorance {rN+ Int-4}
  9499 | D:10     | Found a runed door.
  9637 | D:10     | Found Giniutiz's Jewellery Shop.
  9645 | D:10     | Bought the ring "Misul" {+Fly AC+1 SInv} for 228 gold pieces
  9683 | D:10     | Noticed a two-headed ogre
  9690 | D:10     | Killed a two-headed ogre
  9690 | D:10     | Reached skill level 12 in Axes
  9846 | D:10     | Noticed Maurice
  9873 | D:10     | Killed Maurice
  9906 | D:11     | Noticed Sonja
 10128 | D:11     | Noticed a skeletal warrior
 10134 | D:11     | Noticed a skeletal warrior
 10135 | D:11     | Noticed a skeletal warrior
 10138 | D:11     | Noticed a skeletal warrior
 10140 | D:11     | Killed a skeletal warrior
 10143 | D:11     | Killed a skeletal warrior
 10150 | D:11     | Slain by a skeletal warrior

Vault maps used:
D:1:      nzn_arrival_water_spiral
D:2:      kennysheep_okawaru_gauntlet, yredelemnul_forgotten_temple_becter,
          uniq_terence
D:3:      elyvilon_altar_4, zin_purify, old_standard_altar,
          nicolae_overflow_hidden_temple, chequers_ecumenical_altar_island,
          first_ration
D:4:      kennysheep_vampire_church, overflow_temple_1_default, serial_shops,
          shop_coins, serial_aquarium, aquarium_bridge_straight,
          aquarium_window_1, aquarium_window_1, aquarium_window_corner,
          aquarium_window_corner, aquarium_view_2e, aquarium_balcony_5b
D:5:      lemuel_crystal_altar, minmay_temple_entry_overgrown, uniq_duvessa,
          uniq_eustachio, uniq_pikel
D:6:      nicolae_ru_the_path_less_chosen, serial_glass, glass_columns_a,
          glass_columns_a
D:7:      minmay_opposing_rooms, kennysheep_mini_moat, cheibriados_altar_1,
          eino_jars
D:8:      enter_bailey_2, serial_shops, nicolae_shop_stone,
          hangedman_pestilent_swarm, uniq_erica
D:9:      lemuel_round_altar, hiddenorc1_lemuel, nicolae_qazlal_eye_of_the_storm
D:10:     serial_shops, shop, chequers_guarded_unrand_ignorance, uniq_maurice
D:11:     lair_entry_dummy, kennysheep_generic_room_6, uniq_sonja
Temple:   jpeg_temple_island
Bailey:   bailey_axe_1, bailey

Skill      XL: |  1  2  3  4  5  6  7  8  9 10 11 |
---------------+----------------------------------+-----
Axes           | 3 4 5 6 8 10 11 12 | 12.3
Fighting       | 3 4 5 6 7 |  7.9
Armour         | 4 5 6 7 8 9 |  9.4
Shields        | 4 5 6 7 8 |  8.6
Evocations     | 2 4 |  4.0
Invocations    | 1 4 |  4.1

Action                   |  1- 3 |  4- 6 |  7- 9 | 10-12 || total
-------------------------+-------+-------+-------+-------++-------
Melee: War axe           |   114 |   179 |   221 |       ||   514
       Flail             |       |       |   176 |       ||   176
       Unarmed           |       |       |    14 |       ||    14
       Battleaxe         |       |       |    15 |   333 ||   348
Throw: Stone             |     5 |     7 |     6 |     7 ||    25
       Tomahawk          |       |       |       |     4 ||     4
 Abil: Evoke Berserk Rag |       |     8 |     5 |     4 ||    17
       Heal Wounds       |       |     5 |     2 |     1 ||     8
Evoke: Wand              |       |       |     1 |    14 ||    15
  Use: Scroll            |       |     7 |     8 |       ||    15
       Potion            |       |       |     4 |     4 ||     8
  Eat: Chunk             |       |    13 |    18 |    12 ||    43
       Ration            |       |       |     1 |     2 ||     3
Armor: Scale mail        |    72 |    84 |       |       ||   156
       Chain mail        |       |    10 |   208 |    44 ||   262
       Plate armour      |       |       |       |   229 ||   229
Dodge: Dodged            |    37 |    45 |   123 |   182 ||   387
Block: Shield            |    71 |   100 |   232 |       ||   403

Table legend:
 A = Spawn XP
 B = Non-spawn XP
 C = Spawn XP percentage of total XP
 D = Spawn monster count
 E = Non-spawn monster count
 F = Spawn count percentage of total count
 G = Total turns spent on level
                    A         B        C        D         E        F      G
               +---------+---------+-------+---------+---------+-------+---------
         Total |       0 |   15425 |   0.0 |       0 |     311 |   0.0 | 10150
               +---------+---------+-------+---------+---------+-------+---------
           D:1 |       0 |      51 |   0.0 |       0 |      28 |   0.0 |   610
           D:2 |       0 |     129 |   0.0 |       0 |      21 |   0.0 |  1150
           D:3 |       0 |     230 |   0.0 |       0 |      34 |   0.0 |   824
           D:4 |       0 |     710 |   0.0 |       0 |      26 |   0.0 |  1318
           D:5 |       0 |     803 |   0.0 |       0 |      15 |   0.0 |   957
           D:6 |       0 |    1019 |   0.0 |       0 |      26 |   0.0 |  1047
           D:7 |       0 |    1604 |   0.0 |       0 |      31 |   0.0 |   721
           D:8 |       0 |    2677 |   0.0 |       0 |      28 |   0.0 |  1194
           D:9 |       0 |    2301 |   0.0 |       0 |      47 |   0.0 |   842
          D:10 |       0 |    3244 |   0.0 |       0 |      20 |   0.0 |   784
          D:11 |       0 |    1632 |   0.0 |       0 |       3 |   0.0 |    43
        Bailey |       0 |    1025 |   0.0 |       0 |      32 |   0.0 |   453
               +---------+---------+-------+---------+---------+-------+---------
